Map: Temple gelé

Players

peca - Winner!

  • Race: Terran Terran
  • League: Gold
  • Spawn Location: 5:00

zidar

  • Race: Zerg Zerg
  • League: Gold
  • Spawn Location: 11:00

VOD

Have the link to the VOD?

Description

Time

  • Played on: June 3, 2016, 11:57 a.m.
  • Length: 6:33
Show
View Real Time Build Order
Export as new Build Order

peca Terran - Winner!

Build Orders: 1/1/1, Banshee Rush 

Get SALT Encoding   

  12  0:01  SCV  
  13  0:14  SCV  
  14  0:19  Supply Depot  
  14  0:26  SCV  
  15  0:37  Refinery  
  15  0:41  SCV  
  16  0:46  Barracks  
  16  0:53  SCV  
  17  1:05  SCV  
  17  1:09  Refinery  
  18  1:17  SCV  
  19  1:33  Marine  
  19  1:36  Factory  
  20  1:51  Marine  
  21  1:54  Supply Depot  
  21  2:02  SCV  
  22  2:09  Marine  
  23  2:15  SCV  
  24  2:26  Marine, Factory Tech Lab  
  24  2:27  Starport  
  25  2:34  Orbital Command  
  25  2:44  Marine  
  28  2:57  Widow Mine  
  28  3:02  Marine  
  28  3:03  Starport Tech Lab  
  29  3:06  Starport  
  29  3:32  Command Center, Supply Depot  
  29  3:38  Cloaking Field  
  29  3:48  Starport Tech Lab  
  29  3:54  Banshee  
  32  4:07  Banshee  
  35  4:16  SCV  
  36  4:26  Supply Depot  
  36  4:28  SCV  
  39  4:33  Widow Mine  
  39  4:43  Banshee  
  42  4:50  Banshee  
  45  4:58  SCV  
  46  5:10  SCV  
  47  5:23  SCV  
  48  5:30  Viking  
  50  5:36  Viking  
  50  5:42  Siege Tank  
  55  5:44  Marine  
  55  5:47  SCV  
  57  6:00  Viking  
  57  6:02  Marine  
Show
View Real Time Build Order
Export as new Build Order

zidar Zerg 

Build Orders: Hatch First 

Get SALT Encoding   

  12  0:01  Drone  
  13  0:12  Overlord  
  13  0:17  Drone  
  14  0:21  Extractor  
  14  0:23  Drone  
  15  0:30  Drone  
  15  0:34  Drone  
  17  0:56  Hatchery  
  16  0:58  Drone  
  16  1:02  Extractor  
  16  1:03  Drone  
  17  1:22  Spawning Pool, Drone  
  17  1:28  Drone  
  18  1:54  Drone  
  18  1:56  Overlord  
  18  2:08  Queen  
  18  2:10  Drone x3  
  18  2:14  Queen  
  25  2:23  Drone  
  25  2:29  Metabolic Boost  
  26  2:34  Drone  
  27  3:01  Roach Warren  
  27  3:03  Overlord x3  
  26  3:08  Zergling x4  
  28  3:33  Zergling x14  
  35  3:39  Lair  
  35  3:42  Extractor  
  35  3:47  Extractor x2  
  32  4:08  Roach x7  
  46  4:19  Drone x3  
  46  4:22  Drone  
  50  4:34  Drone x2  
  50  4:37  Overlord  
  52  4:58  Ravager  
  52  4:59  Ravager x2  
  55  5:04  Drone x3  
  55  5:06  Overseer  
  58  5:07  Drone x2  
  58  5:10  Overlord  
  58  5:11  Overlord  
  60  5:53  Evolution Chamber  
  60  5:54  Evolution Chamber  
  60  5:56  Drone x6  
  64  5:57  Drone  
  64  5:58  Drone x3  
  67  6:14  Hatchery  
Tags
 
Add a new tag
Caveats
  • Supply blocks, unpowered buildings, or Contaminate may cause inaccurate times.
  • Supply counts are checked every 10 seconds.